 Dungeon Crawl Stone Soup version 0.27.0-1-g7a089689b8 (webtiles) character file.

Game seed: 17136918740787281984

434 horus123 the Chopper (level 7, 0/60 HPs)
             Began as a Hill Orc Fighter on Aug 1, 2021.
             Succumbed to a water moccasin's poison
             ... in a sewer.
             The game lasted 00:07:56 (2762 turns).

horus123 the Chopper (Hill Orc Fighter)             Turns: 2762, Time: 00:07:57

Health: 0/60       AC: 13    Str: 21    XL:     7   Next: 0%
Magic:  7/7        EV:  6    Int:  8    God:
Gold:   172        SH:  9    Dex: 10    Spells: 6/6 levels left

rFire    + . .     SeeInvis .   a - +0 war axe
rCold    + . .     Faith    .   c - +0 kite shield
rNeg     . . .     Spirit   .   b - +0 shadow dragon scales
rPois    .         Reflect  .   e - +1 hat {Will+}
rElec    .         Harm     .   o - scarf {rC+ rF+}
rCorr    .         Rampage  .   (no gloves)
Will     +....                  (no boots)
Stlth    ++........             (no amulet)
HPRegen  0.20/turn              (no ring)
MPRegen  0.10/turn              (no ring)

@: lethally poisoned (0 -> -16)
A: no striking features
a: no special abilities


You were in a sewer.
You visited 1 branch of the dungeon, and saw 4 of its levels.
You also visited: Sewer.

You collected 172 gold pieces.

Inventory:

Hand Weapons
 a - a +0 war axe (weapon)
 h - a +3 dagger
Missiles
 d - 7 javelins (quivered)
Armour
 b - +0 shadow dragon scales (worn)
 c - a +0 kite shield (worn)
 e - a +1 hat of willpower (worn)
 i - a +0 chain mail
 l - a +0 cloak
 o - a scarf of resistance (worn)
Jewellery
 g - an amulet of magic regeneration
 t - a +4 ring of protection
Scrolls
 j - a scroll of enchant armour {unknown}
 k - 5 scrolls of teleportation {unknown}
 p - a scroll of holy word {unknown}
 r - 2 scrolls of identify {unknown}
 s - a scroll of immolation {unknown}
Potions
 f - a potion of curing {unknown}
 m - 2 potions of berserk rage {unknown}
 n - a potion of attraction {unknown}
 q - 2 potions of lignification {unknown}
 u - a potion of haste {unknown}


   Skills:
 + Level 4.6 Fighting
 + Level 6.0 Axes
 + Level 4.8 Armour
 + Level 1.0 Dodging
 + Level 0.8 Stealth
 + Level 4.8 Shields


You had 6 spell levels left.
You didn't know any spells.
Your spell library contained the following spells:

 Spells                   Type           Power      Damage    Failure   Level
 Animate Skeleton         Necr           0%         N/A       100%        1
 Pain                     Necr           0%         1d4       100%        1
 Vampiric Draining        Necr           0%         2d6       100%        3


Dungeon Overview and Level Annotations

Branches:
Dungeon (4/15)              Sewer (1/1)
 Temple: D:4-7

Altars:


Message History

You block the water moccasin's attack.
You miss the water moccasin.
You feel very sick. You block the water moccasin's attack.
The water moccasin bites you.
You closely miss the water moccasin.
You feel very sick.
The water moccasin bites you but does no damage.
You block the water moccasin's attack.
You slash the water moccasin!
The water moccasin is heavily wounded.
You feel sick. The water moccasin bites you. x2
You hit the water moccasin.
The water moccasin is heavily wounded.
You feel sick. The water moccasin bites you.
The water moccasin bites you but does no damage.
You barely miss the water moccasin.
The water moccasin is heavily wounded.
You feel sick.
The water moccasin bites you but does no damage.
You closely miss the water moccasin.
The water moccasin is heavily wounded.
You feel sick. The water moccasin bites you.
* * * LOW HITPOINT WARNING * * *
The water moccasin bites you.
* * * LOW HITPOINT WARNING * * *
You hit the water moccasin.
The water moccasin is heavily wounded.
You feel sick.
You are no longer poisoned.
The water moccasin bites you.
* * * LOW HITPOINT WARNING * * *
The water moccasin bites you but does no damage.
A water moccasin is nearby!
The water moccasin bites you but does no damage.
You block the water moccasin's attack. The water moccasin bites you.
* * * LOW HITPOINT WARNING * * *
You are lethally poisoned!
The water moccasin poisons you!
You die...

#∩# #.# #.# #.#
####### #.#
##.....## #.#
#...≈...## #.#
...≈≈≈...#######@#
∩†≈≈≈≈≈..........#
...≈≈≈...#######S#
#...≈...## #.#
##.....## #.#
####### ###.###
#.....# #.......#
#.......#


You could see a water moccasin.

Vanquished Creatures
  Sigmund (D:3)
  A scorpion (D:4)
  An orc priest (D:4)
  Terence (D:3)
  9 adders
  An adder skeleton (D:4)
  A worm (D:2)
  A dart slug (D:1)
  2 orcs (D:4)
  11 bats
  5 endoplasms
  6 giant cockroaches
  8 goblins
  8 hobgoblins
  3 jackals (D:3)
  5 quokkas
  5 ball pythons
  2 frilled lizards
  8 kobolds
  4 rats
83 creatures vanquished.

Notes
Turn   | Place    | Note
-------+----------+-------------------------------------------
     0 | D:1      | horus123 the Hill Orc Fighter began the quest for the Orb.
     0 | D:1      | Reached XP level 1. HP: 19/19 MP: 1/1
   174 | D:1      | Reached XP level 2. HP: 27/27 MP: 2/2
   232 | D:1      | Reached skill level 3 in Axes
   603 | D:1      | Reached XP level 3. HP: 32/33 MP: 3/3
  1131 | D:2      | Reached XP level 4. HP: 38/40 MP: 4/4
  1308 | D:3      | Noticed Sigmund
  1326 | D:3      | Killed Sigmund
  1327 | D:3      | Reached skill level 5 in Axes
  1327 | D:3      | Reached XP level 5. HP: 47/47 MP: 5/5
  1327 | D:3      | Reached XP level 6. HP: 53/53 MP: 6/6
  1581 | D:3      | Noticed Terence
  1591 | D:3      | Killed Terence
  2238 | D:4      | Reached skill level 1 in Dodging
  2535 | D:4      | Reached skill level 6 in Axes
  2708 | D:4      | Found a glowing drain.
  2712 | Sewer    | Entered a sewer
  2718 | Sewer    | Reached XP level 7. HP: 60/60 MP: 7/7
  2762 | Sewer    | Succumbed to a water moccasin's poison

Illustrated notes

Levels and vault maps discovered:
D:1:      roderic_octagonal_star, layout_rooms
D:2:      layout_rooms
D:3:      layout_loops_ring, uniq_terence, uniq_sigmund
D:4:      layout_gridville, gup_sewer_entry_spiral, serial_co_window_serial,
          co_window_of_opportunity_a, co_window_paths_a, co_window_paths_b,
          co_window_paths_a, co_window_corner_a, co_window_2corner,
          co_window_broadway_b, co_window_2corner, glass_columns_b,
          glass_columns_a, glass_columns_a, glass_columns_b, goddamned_bats
Sewer:    sewer_big_baddie

Skill      XL: |  1  2  3  4  5  6 |
---------------+-------------------+-----
Fighting       | 4 |  4.6
Axes           | 3 5 6 |  6.0
Armour         | 4 |  4.8
Shields        | 4 |  4.8
Dodging        | 1 |  1.0
Stealth        | |  0.8

Action                   |  1- 3 |  4- 6 |  7- 9 || total
-------------------------+-------+-------+-------++-------
Melee: War axe           |   132 |   122 |    14 ||   268
  Use: Scroll            |     1 |       |       ||     1
       Potion            |       |     1 |       ||     1
 Stab: Sleeping          |       |     3 |       ||     3
Armor: Scale mail        |    41 |       |       ||    41
       Shadow dragon sca |    29 |    87 |    11 ||   127
       Chain mail        |     6 |       |       ||     6
Dodge: Dodged            |    30 |    29 |       ||    59
Block: Kite shield       |    85 |    68 |     8 ||   161
